 Dungeon Crawl Stone Soup version 0.31-a0-986-g5e6e4ef867 (webtiles) character file.

Game seed: 13781134374916459888

860 lunkers the Basher (level 8, -2/52 HPs)
             Began as a Meteoran Fighter on Nov 20, 2023.
             Killed from afar by a white imp (6 damage)
             ... with a puff of frost
             ... summoned by Eustachio
             ... on level 5 of the Dungeon.
             The game lasted 00:06:11 (2379 turns).

lunkers the Basher (Meteoran Fighter)               Turns: 2379, Time: 00:06:12

Health: -2/52      AC:  9    Str: 19    XL:     8   Next: 46%
Magic:  18/18      EV:  9    Int:  9    God:
Gold:   292        SH:  5    Dex: 15    Spells: 7/7 levels left

rFire   . . .        b - +0 morningstar
rCold   . . .        c - +0 buckler
rNeg    . . .        u - +0 scale mail
rPois   .            i - +0 helmet
rElec   .            (no cloak)
rCorr   .            e - +0 pair of gloves
SInv    .            (no boots)
Will    ++...        (no amulet) Stlth
                     o - ring of magical power
HPRegen 0.28/turn    q - ring of willpower
MPRegen 0.16/turn

%: no passive effects
@: mighty, glowing
A: sense surroundings 1, otherworldly, glowing, explore regen
a: no special abilities


You were on level 5 of the Dungeon.
You visited 1 branch of the dungeon, and saw 5 of its levels.

You collected 292 gold pieces.

Inventory:

Hand Weapons
 a - a +0 flail
 b - a +0 morningstar (weapon)
Armour
 c - a +0 buckler (worn)
 e - a +0 pair of gloves (worn)
 i - a +0 helmet (worn)
 u - a +0 scale mail (worn)
Jewellery
 h - an amulet of faith
 o - a ring of magical power (left hand)
 q - a ring of willpower (right hand)
Wands
 n - a wand of roots (18)
Scrolls
 f - 2 scrolls of teleportation {unknown}
 j - 2 scrolls of immolation {unknown}
 m - 2 scrolls of revelation {unknown}
 r - a scroll of identify {unknown}
 s - a scroll of enchant weapon {unknown}
 t - a scroll of vulnerability {unknown}
Potions
 g - a potion of magic {unknown}
 k - 2 potions of brilliance {unknown}
 l - a potion of berserk rage {unknown}
 p - 3 potions of curing {unknown}


   Skills:
 - Level 3.2 Fighting
 * Level 11.7 Maces & Flails
 - Level 3.2 Armour
 - Level 3.2 Shields


You had 7 spell levels left.
You didn't know any spells.
Your spell library contained the following spells:

 Spells                   Type           Power      Damage    Failure   Level
 Freeze                   Ice            0%         1d3       83%         1
 Frozen Ramparts          Ice            0%         1d1       99%         3
 Hailstorm                Conj/Ice       0%         3d3       99%         3
 Summon Guardian Golem    Hex/Summ       0%         N/A       99%         3
 Orb of Destruction       Conj           0%         9d5       100%        7
 Spellforged Servitor     Conj/Summ      0%         N/A       100%        7


Dungeon Overview and Level Annotations

Branches:
Dungeon (5/15) Zot: 790
 Temple: D:4-7

Altars:

Shops:
D:1 [

Annotations:
D:5 Eustachio


Innate Abilities, Weirdness & Mutations

You passively map a small area around you.
You are easily found by Zot.
You glow in the dark.
You regain HP and MP as you explore.


Message History

The white imp hits you but does no damage.
Unknown command.
You barely miss Eustachio.
Eustachio is almost dead.
You block the bat's attack. The ufetubus misses you.
The ufetubus hits you but does no damage.
Eustachio closely misses you. The river rat bites you.
* * * LOW HITPOINT WARNING * * *
The white imp barely misses you.
You miss Eustachio.
Eustachio is almost dead.
You block the bat's attack. The ufetubus completely misses you.
The ufetubus hits you but does no damage.
A sleepcap comes into view.
You block Eustachio's attack.
The river rat bites you but does no damage.
You block the ufetubus's attack. The ufetubus hits you.
* * * LOW HITPOINT WARNING * * *
The white imp hits you but does no damage.
You barely miss Eustachio.
Eustachio is almost dead.
The bat barely misses you.
The ufetubus hits you but does no damage. x2
Eustachio closely misses you. The river rat closely misses you.
The white imp hits you but does no damage.
Unknown command.
You barely miss Eustachio.
Eustachio is almost dead.
You block the bat's attack. The ufetubus hits you.
* * * LOW HITPOINT WARNING * * *
The ufetubus hits you but does no damage.
Eustachio barely misses you. The river rat bites you!
* * * LOW HITPOINT WARNING * * *
The ufetubus hits you.
* * * LOW HITPOINT WARNING * * *
The ufetubus hits you.
* * * LOW HITPOINT WARNING * * *
The white imp gestures at you. The puff of frost hits you.
You die...

* , ..# * ,, ... , ,, ...#
,... #... ...#,, ... #...
....** ..# ,.##...
.###..######.## ,.#...
,.......#b#....) ,.... *
... #..55#..# * #...
*...##.br@...#,, .. #...
##..#..@b...##.##.. #...
#..........†...# #.# #)).
*#.....<.####...##..##.>.
##.#.#.)###....#...#.....
#.##.....#........##.....
##.....#.###.#..#.........
##......#..##.#..##........
#..............#...........


You could see Eustachio, a river rat (summoned), a white imp (summoned), an
ufetubus (summoned) and 3 bats.

Vanquished Creatures
  Grinder (D:5)
  An ogre (D:5)
  A centaur (D:5)
  A bullfrog (D:3)
  2 scorpions (D:4)
  A hound (D:5)
  2 jellies
  Ijyb (D:5)
  An iguana (D:4)
  3 gnolls (D:3)
  6 adders
  A white imp (D:4)
  A worm (D:4)
  3 dart slugs
  6 orcs
  2 ball pythons
  3 endoplasms
  6 giant cockroaches
  9 hobgoblins
  9 jackals
  3 quokkas
  7 bats
  6 frilled lizards
  11 goblins
  10 kobolds
  4 rats
101 creatures vanquished.

Notes
Turn   | Place    | Note
-------+----------+-------------------------------------------
     0 | D:1      | lunkers the Meteoran Fighter began the quest for the Orb.
     0 | D:1      | Reached XP level 1. HP: 19/19 MP: 2/2
    65 | D:1      | Reached skill level 3 in Maces & Flails
    76 | D:1      | Reached XP level 2. HP: 23/26 MP: 3/3
   131 | D:1      | Reached skill level 4 in Maces & Flails
   142 | D:1      | Reached XP level 3. HP: 30/31 MP: 4/4
   210 | D:1      | Found Illerabre's Antique Armour Shop.
   438 | D:1      | Reached skill level 5 in Maces & Flails
   462 | D:1      | Reached XP level 4. HP: 38/38 MP: 5/5
   778 | D:2      | Reached skill level 6 in Maces & Flails
   791 | D:2      | Reached XP level 5. HP: 41/45 MP: 6/6
  1070 | D:2      | Glimpsed the power of Zot.
  1120 | D:2      | Glimpsed the power of Zot.
  1160 | D:2      | Glimpsed the power of Zot.
  1170 | D:2      | Touched by the power of Zot (MHP 45 -> 35)
  1457 | D:3      | Reached skill level 7 in Maces & Flails
  1521 | D:3      | Noticed a bullfrog
  1530 | D:3      | Killed a bullfrog
  1531 | D:3      | Reached XP level 6. HP: 34/40 MP: 7/7
  1708 | D:3      | Reached skill level 8 in Maces & Flails
  1818 | D:4      | Reached XP level 7. HP: 27/46 MP: 8/8
  1923 | D:4      | Reached skill level 9 in Maces & Flails
  2278 | D:5      | Entered Level 5 of the Dungeon
  2289 | D:5      | Reached skill level 10 in Maces & Flails
  2297 | D:5      | HP: 2/46 [centaur (2)]
  2330 | D:5      | Reached XP level 8. HP: 40/52 MP: 9/9
  2331 | D:5      | Noticed Grinder
  2340 | D:5      | Killed Grinder
  2341 | D:5      | Reached skill level 11 in Maces & Flails
  2343 | D:5      | Noticed Ijyb
  2349 | D:5      | Killed Ijyb
  2358 | D:5      | Noticed Eustachio
  2379 | D:5      | Killed from afar by a white imp

Illustrated notes

Levels and vault maps discovered:
D:1:      shiori_arrival_elements, layout_basic, serial_shops,
          nicolae_shop_getting_attention, grunt_decor_one_mirror,
          minmay_worlds_worst_comb
D:2:      layout_basic, st_stairs_5
D:3:      corexii_shack_village, layout_loops_ring
D:4:      layout_basic, nicolae_overflow_hidden_temple
D:5:      layout_cave_pools, uniq_grinder, uniq_crazy_yiuf_cottage,
          uniq_duvessa, uniq_ijyb, uniq_eustachio

Skill      XL: |  1  2  3  4  5  6  7  8 |
---------------+-------------------------+-----
Maces & Flails | 3 4 5 6 7 8 10 11 | 11.7
Fighting       | |  3.2
Armour         | |  3.2
Shields        | |  3.2

Action                     |  1- 3 |  4- 6 |  7- 9 || total
---------------------------+-------+-------+-------++-------
  Melee: Flail             |    82 |   160 |    71 ||   313
         Morningstar       |       |       |    26 ||    26
    Use: Potion            |       |       |     1 ||     1
 Armour: Scale mail        |    69 |   105 |   103 ||   277
  Dodge: Dodged            |    45 |    64 |    59 ||   168
  Block: Buckler           |    17 |    38 |    34 ||    89

Table legend: (Time is in decaauts)
 A = Elapsed time spent in this place.
 B = Non-inter-level travel time spent in this place.
 C = Inter-level travel time spent in this place.
 D = Time resting spent in this place.
 E = Time spent auto-exploring this place.
 F = Levels seen in this place.
 G = Mean time per level.
                   A        B        C        D        E       F      G
               +--------+--------+--------+--------+--------+-----+--------+
         Total |   2409 |   2246 |    163 |      0 |   1491 |   5 |  481.8 |
       Dungeon |   2409 |   2246 |    163 |      0 |   1491 |   5 |  481.8 |
               +--------+--------+--------+--------+--------+-----+--------+

Top non-repeatable levels by time:
     D:2: 746 daAuts
     D:4: 541 daAuts
     D:3: 529 daAuts
     D:1: 492 daAuts
     D:5: 98 daAuts
